 Dungeon Crawl Stone Soup version 0.30-a0-879-ga8ba668304 (webtiles) character file.

Game seed: 10824255126021880922

532259 jasper the Axe Maniac (level 25, -11/205 HPs)
             Began as a Minotaur Berserker on Mar 13, 2023.
             Was a High Priest of Trog.
             Killed by divine providence
             ... invoked by a balrug
              (13 damage)
             ... on level 16 of a ziggurat.
             The game lasted 01:46:18 (69295 turns).

jasper the Axe Maniac (Minotaur Berserker)         Turns: 69295, Time: 01:46:18

Health: -11/205    AC: 50    Str: 30      XL:     25   Next: 0%
Magic:  22/22      EV: 16    Int:  5 (8)  God:    Trog [*****.]
Gold:   5575       SH:  0    Dex: 13      Spells: 24/24 levels left

rFire   + . .      SeeInvis .    H - +9 executioner's axe (flame)
rCold   + . .      Faith    .    (shield currently unavailable)
rNeg    + + +      Spirit   .    N - +13 crystal plate armour
rPois   +          Reflect  .    d - +2 hat {Will+}
rElec   +          Rampage  +    P - +2 cloak {rPois}
rCorr   .                        b - +2 pair of gloves {Str+3}
Will    ++++.                    I - +2 pair of boots of the Apricot {*Slow rElec Str+5} Stlth
                                 T - amulet of Uceav {Rampage rF+ Regen+ Str-2}
HPRegen 1.00/turn                n - ring "Geodegod" {Ice *Slow rN+++ Dex-5 Slay+6}
MPRegen 0.18/turn                J - ring of Abstinence {rF+ rN+}

@: strong-willed, corroded, sick, regenerating, slowed, very slow
A: horns 2, retaliatory headbutt, clever 1, sturdy frame 1, [frail 2],
[screaming 2]
}: 2/15 runes: barnacled, gossamer
a: Renounce Religion, Berserk, Trog's Hand, Brothers in Arms


You were on level 16 of a ziggurat.
You worshipped Trog.
Trog was extremely pleased with you.
You visited 8 branches of the dungeon, and saw 39 of its levels.
You visited 2 bazaars.
You visited 1 ziggurat, and saw 16 of its levels.
You also visited: Ossuary, Gauntlet and Desolation.

You collected 9488 gold pieces.
You spent 3913 gold pieces at shops.

Inventory:

Hand Weapons
 g - a +5 executioner's axe
 H - a +9 executioner's axe of flaming (weapon)
 W - a +9 antimagic battleaxe
Missiles
 e - 28 poisoned darts (quivered)
 p - 2 throwing nets
Armour
 b - a +2 pair of gloves of strength (worn)
 d - a +2 hat of willpower (worn)
 I - the +2 pair of boots of the Apricot (worn) {*Slow rElec Str+5}
   (You acquired it on level 8 of a ziggurat)

   Str:       It affects your strength (+5).
   rElec:     It insulates you from electricity.
   *Slow:     It may slow you when you take damage.
 L - a +2 cloak of preservation
 N - a +13 crystal plate armour (worn)
 P - a +2 cloak of poison resistance (worn)
Jewellery
 c - the amulet of the Bright God {Acrobat Rampage Dex-3 Slay+6}
   (You found it on level 2 of the Vaults)

   [amulet of the acrobat]

   It increases your evasion while moving and waiting.
   Dex:       It affects your dexterity (-3).
   Slay:      It affects your accuracy & damage with ranged weapons and melee
   (+6).
   Rampage:   It bestows one free step when moving towards enemies.
 n - the ring "Geodegod" (left hand) {Ice *Slow rN+++ Dex-5 Slay+6}
   (You took it off an ironbound convoker in the Desolation of Salt)

   [ring of ice]

   It enhances your ice magic.
   Dex:       It affects your dexterity (-5).
   Slay:      It affects your accuracy & damage with ranged weapons and melee
   (+6).
   rF:        It makes you vulnerable to fire.
   rC:        It protects you from cold.
   rN:        It renders you almost immune to negative energy.
   *Slow:     It may slow you when you take damage.
 v - the ring of Creativity {Will++ rCorr Str-2 Slay+4 Stlth+}
   (You acquired it on level 8 of a ziggurat)

   [ring of slaying]

   Str:       It affects your strength (-2).
   Slay:      It affects your accuracy & damage with ranged weapons and melee
   (+4).
   rCorr:     It protects you from acid and corrosion.
   Will:      It greatly increases your willpower.
   Stlth:     It makes you more stealthy.
 E - the ring "Xyfeq" {Drain rPois rN++ Str+6 Dex+2}
   (You acquired it on level 8 of a ziggurat)

   [ring of strength]

   Str:       It affects your strength (+6).
   Dex:       It affects your dexterity (+2).
   rPois:     It protects you from poison.
   rN:        It greatly protects you from negative energy.
   Drain:     It drains your maximum health when unequipped.
 J - the ring of Abstinence (right hand) {rF+ rN+}
   (You found it on level 9 of the Dungeon)

   [ring of protection from fire]

   rF:        It protects you from fire.
   rN:        It protects you from negative energy.
 K - a ring of the Octopus King {rN+ HP+2 AC+2 EV+2 SH+2}
   (You found it on level 13 of a ziggurat)

   [ring of positive energy]

   AC:        It affects your AC (+2).
   EV:        It affects your evasion (+2).
   rN:        It protects you from negative energy.
   HP:        It affects your health (+2).
   SH:        It affects your SH (+2).
 Q - the ring "Qusih" {Fly rC+ rCorr Int+4 SInv}
   (You found it in the Desolation of Salt)

   [ring of resist corrosion]

   Int:       It affects your intelligence (+4).
   rC:        It protects you from cold.
   SInv:      It lets you see invisible.
   Fly:       It grants you flight.
   rCorr:     It protects you from acid and corrosion.
 T - the amulet of Uceav (around neck) {Rampage rF+ Regen+ Str-2}
   (You found it on level 8 of a ziggurat)

   [amulet of regeneration]

   Str:       It affects your strength (-2).
   rF:        It protects you from fire.
   Regen:     It increases your rate of health regeneration.
   Rampage:   It bestows one free step when moving towards enemies.
Wands
 a - a wand of digging (16)
 t - a wand of flame (34)
 z - a wand of roots (6)
 U - a wand of paralysis (6)
 V - a wand of polymorph (14)
 Z - a wand of light (13)
Scrolls
 o - 16 scrolls of teleportation
 q - 24 scrolls of identify
 r - 12 scrolls of immolation
 y - 10 scrolls of fog
 C - 5 scrolls of magic mapping
 G - a scroll of blinking
 M - 8 scrolls of butterflies
 O - 4 scrolls of vulnerability
 S - 6 scrolls of fear
Potions
 f - a potion of resistance
 h - 9 potions of haste
 j - 12 potions of lignification
 s - 6 potions of invisibility
 u - 9 potions of ambrosia
 w - 18 potions of curing
 x - 8 potions of mutation
 A - 4 potions of cancellation
 B - 7 potions of might
 D - 5 potions of magic
 F - 9 potions of flight
Miscellaneous
 i - a box of beasts
 k - a condenser vane (inert)
 l - a phantom mirror
 m - a phial of floods
 X - a tin of tremorstones (inert)
 Y - a lightning rod (4/4)


   Skills:
 O Level 27 Fighting
 O Level 27 Axes
 * Level 21.4 Armour
 * Level 21.1 Dodging
 + Level 15.6 Evocations


You had 24 spell levels left.
You didn't know any spells.
Your spell library was empty.

Dungeon Overview and Level Annotations

Branches:
Dungeon (15/15)            Temple (0/1) D:7            Lair (5/5) D:9
 Shoals (4/4) Lair:2       Spider (4/4) Lair:2        Slime (0/5) Lair:5
    Orc (2/2) D:12            Elf (3/3) Orc:2        Vaults (4/5) D:13
  Crypt (0/3) Vaults:2     Depths (2/4) D:15        Ossuary (visited)
Desolation (visited)      Gauntlet (visited)

Altars:
Ashenzari
Fedhas
Kikubaaqudgha
Qazlal
Sif Muna
Trog
Uskayaw
Yredelemnul
The Shining One

Shops:
D:5 [   D:14 (   Orc:2 *((*(?   Elf:2 ?

Portals:
Hell: Depths:1 Depths:2
Abyss: Depths:1 Depths:2
Pandemonium: Depths:2

Annotations:
D:4 Natasha
D:12 Rupert
D:13 3 runed translucent doors, Seinwair's ghost, journeyman HOBe
Elf:2 3 runed translucent doors, Aizul


Innate Abilities, Weirdness & Mutations

You have a pair of horns on your head.
You reflexively headbutt those who attack you in melee.
Your mind is acute. (Int +4, Str/Dex -1)
Your movements are slightly less encumbered by armour. (ER -2)
[You are very frail. (-20% HP)]
[You frequently scream uncontrollably at your foes.]


Message History

Blink to where?
Press: ? - help, Dir - move target
Found a staff of conjuration.
As you read the scroll of blinking, it crumbles to dust.
The hellephant blinks!
The glowing orange brain blinks!
A cacophony of accursed wailing tears at your sanity!
* * * LOW HITPOINT WARNING * * *
A starcursed mass splits.
The will-o-the-wisp gestures.
The will-o-the-wisp conjures some foxfire!
You hear a shout!
The balrug gestures at you. Something smites you!
* * * LOW HITPOINT WARNING * * *
The wretched star pulses with an eldritch light!
You feel frail. x2
Your troll twists and deforms.
The large abomination hits you!
* * * LOW HITPOINT WARNING * * *
The hellephant breathes flames at you.
The blast of flame hits the foxfire.
The foxfire completely resists.
The blast of flame hits you! You resist.
* * * LOW HITPOINT WARNING * * *
You feel ill.
Your troll bites the starcursed mass!
The starcursed mass shudders and withdraws towards its neighbour. x2
Your troll claws the starcursed mass!
The starcursed mass shudders and withdraws towards its neighbour. x2
Your troll claws the starcursed mass!
The starcursed mass is destroyed!
Trog accepts your kill.
A foxfire comes into view.
You take 48 damage, and have 11/205 hp.
MASSIVE DAMAGE!!
Are you sure you want to leave this ziggurat?
The foxfire hits you! You resist.
* * * LOW HITPOINT WARNING * * *
Your troll misses the shadow demon.
Your troll claws the shadow demon!
Your troll closely misses the shadow demon.
The balrug gestures at you. Something smites you!
You die...

▓▓▓▓▓▓▓▓▓▓▓
▓▓...........▓
▓▓..#.......#..
▓▓X3###.....###.
▓▓YXX.#T......#..
▓▓§XXXX.2.........
▓@XvXXxx2zG.......
▓5XX3XXXJ*X{.......
▓▓∩)}XDXX..........
▓▓|X*XX3G.........
▓▓x5XX#.......#..
▓▓53###.....###.
▓▓..#.......#..
▓▓...........▓
▓▓▓▓▓▓▓▓▓▓▓


You could see a bone dragon, a hellephant (catching breath), 13 starcursed
masses, an acid blob, a balrug, 2 wretched stars, a glowing orange brain, a
shadow demon (ally target), 3 ancient zymes, 4 thrashing horrors, 6 large
abominations, a will-o-the-wisp, 3 neqoxecs, a ynoxinul, 3 ufetubi and a
friendly troll (summoned, berserk, misshapen, sick).

Vanquished Creatures
  A dread lich (Zig:11)
  A pandemonium lord (Zig:3)
  A royal mummy (Zig:7)
  Boris (twice) (Vaults:4 Depths:1)
  Bai Suzhen (Vaults:3)
  Vv (Depths:2)
  Nikola (Spider:3)
  Saint Roka (Elf:3)
  A pearl dragon (Zig:5)
  A golden dragon (Zig:6)
  the Enchantress (Depths:1)
  Arachne (Spider:2)
  Jorgrun (Spider:1)
  3 tentacled monstrosities
  4 liches
  Zenata (Vaults:3)
  Mlioglotl (Shoals:2)
  Asterion (Vaults:1)
  5 deep elf blademasters
  A walking frostbound tome (Depths:2)
  A titan (Vaults:4)
  2 quicksilver dragons (Zig:6)
  2 deep elf master archers (Elf:3)
  6 sphinxes
  A walking divine tome (Depths:1)
  An acid blob (Zig:2)
  6 tengu reavers
  A thorn hunter (Zig:10)
  Agnes (Spider:3)
  A storm dragon (Zig:6)
  4 draconian monks
  A fenstrider witch (Shoals:1)
  7 fire giants
  4 imperial myrmidons (Desolation)
  Louise (Spider:1)
  3 deep elf sorcerers (Elf:3)
  9 emperor scorpions
  8 frost giants
  26 vault wardens
  15 ghost moths
  An angel (Zig:5)
  A caustic shrike zombie (Zig:7)
  4 deep elf elementalists
  3 draconian scorchers (Zig:12)
  5 spriggan defenders
  A cacodemon (Depths:1)
  3 orc warlords
  9 very ugly things
  3 draconian shifters (Zig:12)
  A war gargoyle (Vaults:1)
  4 ironbound thunderhulks
  A quicksilver ooze (Zig:2)
  14 ironbound preservers
  2 ophanim (Zig:5)
  A green draconian (Zig:12)
  3 vampire knights
  9 deep elf demonologists
  An eleionoma (Zig:10)
  A red draconian (Zig:12)
  6 stone giants
  A white draconian (Zig:12)
  2 black draconians (Zig:12)
  8 deep elf annihilators
  Azrael (Spider:2)
  3 minotaurs
  A yellow draconian (Zig:12)
  24 dire elephants
  A purple draconian (Zig:12)
  A bunyip (Zig:10)
  7 deep elf death magi
  17 spark wasps
  5 merfolk impalers
  3 merfolk javelineers
  14 ettins
  2 mummy priests (Zig:7)
  8 ragged hierophants (Desolation)
  5 deep elf high priests
  3 fire dragons
  3 crystal guardians
  15 entropy weavers
  2 shambling mangroves (Zig:10)
  16 yaktaur captains
  Fannar (D:12)
  A hydra (shapeshifter) (D:15)
  13 peacekeepers
  3 great orbs of eyes
  7 hydras
  3 ogre magi
  A quicksilver dragon skeleton (Depths:2)
  9 vault guards
  13 ice dragons
  4 rakshasas
  4 jorogumos
  3 spriggan air magi
  3 servants of whispers (Desolation)
  An anaconda (shapeshifter) (D:15)
  12 centaur warriors
  11 ironbound frosthearts
  A radroach (Spider:3)
  32 dancing weapons
  10 two-headed ogres
  A radroach (shapeshifter) (Zig:11)
  8 boulder beetles
  6 death scarabs (Spider:4)
  14 satyrs
  4 deep troll shamans (Depths:1)
  6 tengu warriors
  4 merfolk avatars
  4 death yaks
  A merfolk aquamancer (Shoals:1)
  An orc high priest (Zig:15)
  7 hell knights
  2 deep troll earth magi (Depths:2)
  Nergalle (Lair:1)
  6 skysharks
  2 spriggan berserkers (Depths:1)
  Amaemon (Lair:3)
  A skyshark (shapeshifter) (Zig:11)
  A sun demon (Depths:1)
  A wretched star (Gauntlet)
  13 deep elf knights
  15 pharaoh ants
  A sixfirhy (Depths:1)
  8 skeletal warriors
  2 sun moths
  2 goliath frogs
  A deep troll (shapeshifter) (Vaults:3)
  6 flayed ghosts
  2 cherubim (Zig:5)
  A glowing orange brain (shapeshifter) (Vaults:4)
  2 swamp dragons (shapeshifter)
  An iron troll (Depths:2)
  A spatial maelstrom (Zig:16)
  6 wizards
  6 sea snakes
  7 lindwurms (Vaults:2)
  2 spectral jorogumos (Spider:4)
  13 deep elf archers
  2 swamp dragons
  20 deep trolls
  11 orb spiders
  14 orc knights
  12 steelbarb worms
  34 slime creatures
  19 harpies
  A golden dragon skeleton (Depths:2)
  An orb spider (shapeshifter) (Depths:2)
  6 glowing orange brains
  A spectral wolf spider (Spider:4)
  5 necromancers
  A lindwurm (shapeshifter) (Zig:9)
  23 deep elf pyromancers
  18 ironbound convokers
  A tengu zombie (Depths:2)
  12 wolf spiders
  2 phantasmal warriors
  16 manticores
  3 orc sorcerers
  4 cyclopes
  23 fauns
  19 deep elf zephyrmancers
  7 moths of wrath
  28 ugly things
  6 merfolk sirens
  2 molten gargoyles (Desolation)
  6 elephants (Lair:5)
  3 guardian serpents (Desolation)
  8 demonic crawlers
  14 vault sentinels
  2 guardian serpents (shapeshifter)
  3 smoke demons
  5 torpor snails
  2 orange demons
  A gargoyle (D:12)
  A torpor snail (shapeshifter) (Zig:9)
  2 unseen horrors (D:13)
  17 cane toads
  A hellion (Zig:3)
  3 rime drakes (Gauntlet)
  An unseen horror (shapeshifter) (Elf:1)
  8 komodo dragons
  2 yaktaurs (shapeshifter)
  A freezing wraith (D:15)
  60 yaktaurs
  5 guardian mummies (Zig:7)
  2 kobold demonologists
  3 tengu conjurers
  2 red devils (Depths:2)
  2 ice devils (Depths:1)
  2 redback zombies (Spider:4)
  2 merfolk (shapeshifter)
  13 trolls
  6 hornets
  A troll (shapeshifter) (Zig:11)
  A tarantella (shapeshifter) (D:13)
  A wind drake (Shoals:2)
  29 merfolk
  2 spectral tarantellas (Spider:4)
  A tengu simulacrum (Depths:2)
  4 spectral jumping spiders (Spider:4)
  A bloated husk (Zig:10)
  2 jumping spider zombies (Spider:4)
  A polar bear (Lair:3)
  3 tarantella zombies (Spider:4)
  24 blink frogs
  19 dream sheep
  3 tyrant leeches
  51 saltlings (Desolation)
  A spectral culicivora (Spider:4)
  25 tarantellas
  3 snapping turtles
  Prince Ribbit (Lair:2)
  29 jumping spiders
  4 air elementals
  Sigmund (D:2)
  25 culicivoras
  4 centaur simulacra
  6 spriggans (Depths:1)
  An ushabti (Zig:7)
  16 water elementals
  9 shadows
  A wraith (D:13)
  8 yaks
  A vampire (D:11)
  6 wyverns
  A yak (shapeshifter) (D:15)
  6 basilisks
  A redback (shapeshifter) (Zig:9)
  A neqoxec (Zig:16)
  3 steam dragons
  11 fire elementals
  A chaos spawn (Depths:2)
  17 vampire mosquitoes
  46 redbacks
  3 acid dragons
  A swamp worm (shapeshifter) (Vaults:2)
  2 wargs
  A two-headed ogre zombie (D:12)
  3 hell hounds
  A floating eye (Depths:2)
  13 water moccasins
  12 orc warriors
  A black bear (shapeshifter) (D:15)
  2 sky beasts
  2 ice beasts (D:6)
  22 ogres
  22 centaurs
  4 wolves
  A phantom (D:4)
  A starcursed mass (Zig:16)
  An elf zombie (Ossuary)
  2 kobold brigands
  7 earth elementals
  20 bullfrogs
  A scorpion (D:6)
  A gnoll sergeant (D:9)
  A small abomination (Gauntlet)
  8 wights (D:8)
  A troll zombie (D:12)
  A howler monkey (D:9)
  6 killer bees
  8 electric eels
  3 centaur zombies (Ossuary)
  A gnoll bouda (D:5)
  4 hounds
  10 orc priests
  2 human zombies (Ossuary)
  2 jellies
  A sleepcap (D:6)
  4 iguanas
  14 orc wizards
  6 ogre zombies (D:12)
  A boggart simulacrum (D:14)
  8 mummies
  5 adders
  7 gnolls (D:5)
  5 white imps
  3 ufetubi
  A worm (D:2)
  A dart slug (D:3)
  42 orcs
  5 ball pythons
  6 endoplasms
  4 giant cockroaches
  5 goblins
  7 hobgoblins
  5 jackals
  31 kobolds
  2 quokkas
  5 bats
  3 frilled lizards
  2 goblin skeletons (D:12)
  3 goblin zombies
  10 hobgoblin zombies
  A jackal zombie (Ossuary)
  8 kobold zombies (Ossuary)
  4 orc skeletons (D:12)
  25 orc zombies
  6 rats
  3 rat zombies (Ossuary)
  2 briar patches (Zig:10)
1881 creatures vanquished.

Vanquished Creatures (collateral kills)
  A vault warden (Vaults:4)
  A deep elf high priest (Elf:3)
  2 two-headed ogres (Orc:2)
  A wizard (Vaults:4)
  A slime creature (Vaults:4)
  2 yaktaurs (Vaults:4)
  A starcursed mass (Zig:16)
  An orc warrior (Orc:2)
  An ogre (Orc:2)
  An orc (Orc:2)
12 creatures vanquished.

Vanquished Creatures (others)
  A tengu reaver (Vaults:1)
  A ghost moth (Spider:4)
  A vampire knight (Depths:1)
  An alligator (Zig:10)
  A deep elf knight (Zig:15)
  A death drake (Zig:10)
  2 swamp dragons (Zig:10)
  A deep elf pyromancer (Elf:3)
  2 wizards
  A deep elf zephyrmancer (Zig:15)
  A merfolk siren (Shoals:4)
  A merfolk (Shoals:3)
  A culicivora (Spider:4)
  2 water elementals
  A steam dragon (Zig:6)
  An orc wizard (D:12)
  2 briar patches (Zig:10)
  14 bushes (Lair:5)
  A foxfire (Zig:16)
  10 fungi
  99 plants
145 creatures vanquished.

Grand Total: 2038 creatures vanquished

Notes
Turn   | Place    | Note
-------+----------+-------------------------------------------
     0 | D:1      | jasper the Minotaur Berserker began the quest for the Orb.
     0 | D:1      | Reached XP level 1. HP: 19/19 MP: 0/0
   143 | D:1      | Reached XP level 2. HP: 26/27 MP: 1/1
   215 | D:1      | Found a faded altar of an unknown god.
   760 | D:1      | Reached ** piety under Trog
  1064 | D:2      | Reached XP level 3. HP: 33/33 MP: 2/2
  1120 | D:2      | Reached skill level 5 in Axes
  1253 | D:2      | Noticed Sigmund
  1267 | D:2      | Killed Sigmund
  1268 | D:2      | Reached skill level 5 in Fighting
  1268 | D:2      | Reached XP level 4. HP: 28/42 MP: 3/3
  1268 | D:2      | Reached XP level 5. HP: 32/48 MP: 4/4
  1399 | D:2      | Found an ancient bone altar of Kikubaaqudgha.
  1820 | D:3      | Identified the +1 quarterstaff of Sayso {heavy, Fragile
                  | rElec Dex-4 SInv}
  2346 | D:3      | Found a stormy altar of Qazlal.
  2372 | D:3      | Reached *** piety under Trog
  2385 | D:3      | Found a bloodstained altar of Trog.
  2389 | D:3      | Noticed a wizard
  2394 | D:3      | Killed a wizard
  2696 | D:4      | Reached XP level 6. HP: 49/56 MP: 5/5
  2958 | D:4      | Found a glowing golden altar of the Shining One.
  3238 | D:4      | Reached **** piety under Trog
  3239 | D:4      | Reached XP level 7. HP: 61/63 MP: 6/6
  3353 | D:4      | Noticed Natasha
  3358 | D:5      | Entered Level 5 of the Dungeon
  3501 | D:5      | Found Xassiz's Antique Armour Shoppe.
  3736 | D:5      | Bought a runed chain mail for 142 gold pieces
  3736 | D:5      | Bought a pair of boots for 85 gold pieces
  4343 | D:6      | Found a sand-covered staircase.
  4356 | D:6      | Reached XP level 8. HP: 59/71 MP: 7/7
  4372 | Ossuary  | Entered an ossuary
  4521 | Ossuary  | Reached ***** piety under Trog
  4621 | Ossuary  | Reached skill level 10 in Axes
  4652 | Ossuary  | Reached skill level 5 in Armour
  4846 | D:6      | You fall into a shaft and drop 2 floors!
  4907 | D:7      | Found an ancient bone altar of Kikubaaqudgha.
  4923 | D:7      | Noticed a troll
  4928 | D:7      | Killed a troll
  5044 | D:6      | Reached XP level 9. HP: 81/81 MP: 8/8
  5380 | D:6      | Found a shimmering blue altar of Sif Muna.
  5383 | D:6      | Found a broken altar of Ashenzari.
  6945 | D:7      | Found a staircase to the Ecumenical Temple.
  7965 | D:8      | Reached XP level 10. HP: 91/91 MP: 9/9
  8402 | D:9      | Identified the +5 dire flail of Altruism {heavy, SInv}
                  | (Trog gifted it to you on level 9 of the Dungeon)
  8402 | D:9      | Received a gift from Trog
  8586 | D:9      | Identified the ring of Abstinence {rF+ rN+}
  8599 | D:9      | Noticed a two-headed ogre
  8606 | D:9      | Banished a two-headed ogre
  8607 | D:9      | Reached skill level 10 in Fighting
  8794 | D:9      | Found a staircase to the Lair.
  9255 | D:9      | Identified the +5 ring mail of Oblivion {Harm rF++ Str+3}
  9532 | D:10     | Entered Level 10 of the Dungeon
  9565 | D:10     | Noticed a skeletal warrior
  9565 | D:10     | Noticed a skeletal warrior
  9622 | Lair:1   | Entered Level 1 of the Lair of Beasts
  9676 | Lair:1   | Noticed a cane toad
  9690 | Lair:1   | Killed a cane toad
  9691 | Lair:1   | Reached skill level 15 in Axes
  9691 | Lair:1   | Reached XP level 11. HP: 102/102 MP: 10/10
 10156 | Lair:1   | Noticed Nergalle
 10170 | Lair:1   | Killed Nergalle
 10679 | Lair:1   | Reached skill level 10 in Armour
 10898 | Lair:2   | Found a hole to the Spider Nest.
 11036 | Lair:2   | Found a blossoming altar of Fedhas.
 11055 | Lair:2   | Noticed a four-headed hydra
 11063 | Lair:2   | Killed a four-headed hydra
 11124 | Lair:2   | Found a staircase to the Shoals.
 11232 | Lair:2   | Noticed Prince Ribbit
 11250 | Lair:2   | Killed Prince Ribbit
 11766 | Lair:3   | Noticed Amaemon
 11781 | Lair:3   | Killed Amaemon
 11782 | Lair:3   | Reached skill level 5 in Evocations
 12811 | Lair:3   | Reached XP level 12. HP: 95/112 MP: 11/11
 12811 | Lair:3   | Received a gift from Trog
 14643 | D:10     | Noticed a two-headed ogre
 14650 | D:10     | Killed a two-headed ogre
 14743 | D:11     | Identified the +6 flail of Cheese {holy, rF+}
 14813 | D:11     | Noticed a centaur warrior
 15174 | D:11     | Killed a centaur warrior
 15615 | D:12     | Noticed Fannar
 15635 | D:12     | Killed Fannar
 16059 | D:12     | Received a gift from Trog
 16173 | D:12     | Found a staircase to the Orcish Mines.
 16337 | D:12     | Noticed a two-headed ogre
 16347 | D:12     | Killed a two-headed ogre
 16371 | D:12     | Noticed a two-headed ogre
 16378 | D:12     | Killed a two-headed ogre
 16379 | D:12     | Reached XP level 13. HP: 122/122 MP: 12/12
 16424 | D:12     | Noticed Rupert
 16503 | Orc:1    | Entered Level 1 of the Orcish Mines
 16584 | Orc:1    | Received a gift from Trog
 16718 | Orc:2    | Entered Level 2 of the Orcish Mines
 16718 | Orc:2    | Found a staircase to the Elven Halls.
 16874 | Orc:2    | Found Geasm's Weapon Shop.
 17785 | Orc:2    | Found Ydoumi's Antique Weapon Shop.
 17788 | Orc:2    | Found Cuawk's Assorted Antiques.
 17802 | Orc:2    | Found Sint's General Store.
 17804 | Orc:2    | Found Puonir's Weapon Boutique.
 17941 | Orc:2    | Found Teaq's Magic Scroll Boutique.
 17961 | Orc:2    | Received a gift from Trog
 18404 | Orc:2    | Bought a scroll of fear for 48 gold pieces
 18404 | Orc:2    | Bought a scroll of blinking for 90 gold pieces
 18404 | Orc:2    | Bought a scroll of blinking for 90 gold pieces
 18404 | Orc:2    | Bought a scroll of teleportation for 36 gold pieces
 18404 | Orc:2    | Bought a scroll of fear for 48 gold pieces
 18404 | Orc:2    | Bought a scroll of vulnerability for 48 gold pieces
 18404 | Orc:2    | Bought a scroll of blinking for 90 gold pieces
 18506 | Orc:2    | Bought a potion of resistance for 150 gold pieces
 18506 | Orc:2    | Bought a scroll of teleportation for 45 gold pieces
 18506 | Orc:2    | Bought a wand of digging (5) for 315 gold pieces
 18518 | Orc:2    | Bought a pair of embroidered gloves for 187 gold pieces
 18518 | Orc:2    | Bought a potion of curing for 75 gold pieces
 19025 | Lair:5   | Entered Level 5 of the Lair of Beasts
 19646 | Lair:4   | Reached XP level 14. HP: 86/133 MP: 13/13
 19843 | Lair:5   | Reached skill level 15 in Fighting
 20154 | Lair:5   | Found a staircase to the Slime Pits.
 20296 | Lair:5   | Received a gift from Trog
 20459 | Lair:5   | Reached ****** piety under Trog
 21141 | Lair:5   | Found a basalt altar of Yredelemnul.
 21356 | Lair:5   | Paralysed by a centaur for 4 turns
 21829 | D:13     | Found a gate to the Vaults.
 21843 | D:13     | Reached skill level 5 in Dodging
 22087 | D:13     | Found a runed translucent gate.
 22087 | D:13     | Found a runed translucent gate.
 22087 | D:13     | Found a runed translucent gate.
 22094 | D:13     | Noticed Seinwair's ghost (journeyman HOBe)
 23547 | D:14     | Reached skill level 15 in Armour
 23906 | D:14     | Found Ifule's Weapon Shoppe.
 24375 | D:15     | Entered Level 15 of the Dungeon
 24405 | D:15     | Found a gate leading to a gauntlet.
 24415 | Gauntlet | Entered a Gauntlet
 24415 | Gauntlet | Found a transporter.
 24473 | Gauntlet | Found a transporter.
 24477 | Gauntlet | Found a transporter.
 24485 | Gauntlet | Found a transporter.
 24489 | Gauntlet | Found a transporter.
 24497 | Gauntlet | Found a transporter.
 24501 | Gauntlet | Found a transporter.
 24509 | Gauntlet | Found a transporter.
 24513 | Gauntlet | Found a transporter.
 24524 | Gauntlet | Found a transporter.
 24544 | Gauntlet | Found a transporter.
 24556 | Gauntlet | Found a transporter.
 24568 | Gauntlet | Found a transporter.
 24581 | Gauntlet | Found a transporter.
 24645 | Gauntlet | Reached XP level 15. HP: 127/147 MP: 14/14
 24866 | Gauntlet | Lost intelligence.
 24941 | Gauntlet | Received a gift from Trog
 24979 | Gauntlet | Identified the amulet "Kyzupe Tuded" {Reflect rC+ SH+5}
 25271 | D:15     | Found a flickering gateway to a bazaar.
 25287 | Bazaar   | Entered a bazaar
 25287 | Bazaar   | Found Sauj's Armour Shoppe.
 25287 | Bazaar   | Found Woorauli's Armour Emporium.
 25287 | Bazaar   | Found Yla Jari's Book Emporium.
 25488 | D:15     | Identified the +0 leather armour "Nuzxiogi" {rPois Stlth+}
 27320 | Spider:1 | Entered Level 1 of the Spider Nest
 27336 | Spider:1 | HP: 4/149 [jumping spider (5)]
 28784 | Spider:1 | Noticed Jorgrun
 28791 | Spider:1 | Noticed Louise
 28797 | Spider:1 | Killed Jorgrun
 28805 | Spider:1 | Killed Louise
 28899 | Spider:1 | Received a gift from Trog
 28917 | Spider:1 | HP: 6/150 [demonic crawler (3)]
 29892 | Spider:2 | Noticed an emperor scorpion
 30210 | Spider:1 | Killed an emperor scorpion
 31505 | Spider:2 | Noticed Arachne
 31529 | Spider:2 | Killed Arachne
 31948 | Spider:3 | Noticed Azrael
 32090 | Spider:2 | Reached XP level 16. HP: 107/155 MP: 15/15
 32304 | Spider:2 | Received a gift from Trog
 32362 | Spider:2 | Killed Azrael
 32953 | Spider:3 | Noticed Agnes
 32963 | Spider:3 | Killed Agnes
 33077 | Spider:3 | Identified the +3 shortbow of Deformation {drain, rPois
                  | rF++ rC+ Int-5}
 33315 | Spider:3 | Identified the +1 pair of gloves "Wuixketa" {Dex+2}
 33315 | Spider:3 | Noticed Nikola
 33332 | Spider:3 | Killed Nikola
 33333 | Spider:3 | Reached skill level 10 in Dodging
 33641 | Spider:4 | Entered Level 4 of the Spider Nest
 34863 | Spider:4 | Received a gift from Trog
 36284 | Spider:4 | Received a gift from Trog
 36285 | Spider:4 | Reached XP level 17. HP: 135/170 MP: 16/16
 36394 | Spider:4 | Got a gossamer rune of Zot
 36411 | Spider:4 | Identified the +0 barding "Fupsumoi" {MP+9}
 36580 | Shoals:1 | Entered Level 1 of the Shoals
 37482 | Shoals:2 | Noticed Mlioglotl
 37811 | Shoals:2 | Killed Mlioglotl
 39566 | Shoals:3 | Received a gift from Trog
 40431 | Shoals:3 | Identified the +8 spear of Antique Honour {distort, rF+
                  | Str+3 Int+2 Dex-5}
 40926 | Shoals:4 | Entered Level 4 of the Shoals
 41018 | Shoals:4 | Reached skill level 15 in Dodging
 41881 | Shoals:3 | Received a gift from Trog
 44170 | Shoals:4 | Received a gift from Trog
 44183 | Shoals:4 | Reached XP level 18. HP: 174/178 MP: 17/17
 44544 | Shoals:4 | Got a barnacled rune of Zot
 44997 | Elf:1    | Entered Level 1 of the Elven Halls
 45094 | Elf:1    | Found a crumbling gateway.
 45107 | Desolati | Entered the Desolation of Salt
 45528 | Desolati | Received a gift from Trog
 45682 | Desolati | Identified the amulet "Juubapae" {rN+ Regen+ Str-5 Dex+5}
 45701 | Desolati | Identified the ring "Qusih" {Fly rC+ rCorr Int+4 SInv}
 45922 | Desolati | Identified the +8 broad axe "Iluetism" {antimagic, Will++}
 45922 | Desolati | Identified the ring of Zeocesig {Ice rN++ Str-2 Dex+2
                  | Slay+5}
 46083 | Desolati | Identified the ring "Geodegod" {Ice *Slow rN+++ Dex-5
                  | Slay+6}
 46099 | Desolati | Identified the +7 bardiche of the End of Times {heavy, rC+
                  | rCorr Stlth+} (Trog gifted it to you in the Desolation of
                  | Salt)
 46099 | Desolati | Received a gift from Trog
 46594 | Elf:1    | Paralysed by an air elemental for 1 turns
 46608 | Elf:1    | HP: 6/178 [deep elf zephyrmancer/bolt of lightning (20)]
 46614 | Elf:1    | HP: 3/178 [deep elf zephyrmancer/bolt of lightning (42)]
 46933 | Orc:2    | Received a gift from Trog
 48076 | Elf:1    | Identified a scroll of acquirement
 48076 | Elf:1    | Acquired a +2 crystal plate armour
 48527 | Elf:2    | Received a gift from Trog
 48560 | Elf:2    | Paralysed by an air elemental for 1 turns
 48599 | Elf:2    | Found Bong's Magic Scroll Emporium.
 48606 | Elf:2    | Bought a scroll of immolation for 68 gold pieces
 48606 | Elf:2    | Bought a scroll of immolation for 68 gold pieces
 48606 | Elf:2    | Bought a scroll of enchant weapon for 127 gold pieces
 48752 | Elf:2    | Reached XP level 19. HP: 174/185 MP: 6/18
 48776 | Elf:2    | Noticed a Tzitzimitl
 49506 | Elf:2    | Received a gift from Trog
 49587 | Elf:2    | Found a runed translucent gate.
 49588 | Elf:2    | Found a runed translucent gate.
 49588 | Elf:2    | Found a runed translucent gate.
 49703 | Elf:2    | Noticed Aizul
 49738 | Elf:3    | Entered Level 3 of the Elven Halls
 49820 | Elf:2    | Reached skill level 10 in Evocations
 49822 | Elf:3    | Noticed Saint Roka
 49956 | Elf:3    | Killed Saint Roka
 50087 | Elf:3    | Noticed a Tzitzimitl
 50281 | Elf:3    | Paralysed by an air elemental for 1 turns
 50285 | Elf:3    | Paralysed by an air elemental for 1 turns
 51360 | Elf:3    | Identified the +3 dagger "Ceehih" {holy, +Blink rC+ rCorr}
 51362 | Elf:3    | Identified the +8 hand axe of Hubris {flame, Str+3 Dex+3}
                  | (Trog gifted it to you on level 3 of the Elven Halls)
 51362 | Elf:3    | Received a gift from Trog
 51382 | Elf:3    | Noticed a Brimstone Fiend
 51413 | Elf:2    | HP: 9/185 [deep elf zephyrmancer/bolt of lightning (24)]
 52532 | Elf:3    | Identified the +5 battleaxe of Corporal Punishment
                  | {protect, rC+ Str+2 Stlth-}
 52729 | Elf:3    | Identified the ring of Miurei Yzieg {rN+ EV+5}
 52764 | Elf:3    | Identified the +2 hand axe of Hugari {elec, *Noise rPois
                  | SInv Stlth-}
 53024 | Vaults:1 | Entered Level 1 of the Vaults
 53057 | Vaults:1 | Noticed Asterion
 53065 | Vaults:1 | Killed Asterion
 54047 | Vaults:1 | Received a gift from Trog
 54294 | Vaults:1 | Reached XP level 20. HP: 126/193 MP: 6/19
 54497 | Vaults:1 | Reached skill level 15 in Evocations
 54705 | Vaults:1 | Identified the +4 scale mail "Bulisin" {*Slow rPois rN+
                  | Regen+}
 54752 | Vaults:1 | Received a gift from Trog
 54907 | Vaults:1 | Identified the +4 shortbow of the Living Dead {freeze,
                  | Will+ Int+6}
 56427 | Vaults:2 | Found a staircase to the Crypt.
 56427 | Vaults:2 | Found an ancient bone altar of Kikubaaqudgha.
 56428 | Vaults:2 | Found a basalt altar of Yredelemnul.
 56677 | Vaults:2 | Found a transporter.
 56715 | Vaults:2 | Found a transporter.
 56895 | Vaults:2 | Identified the +7 dire flail "Feoreggu" {flame, rF+ SInv}
                  | (Trog gifted it to you on level 2 of the Vaults)
 56895 | Vaults:2 | Received a gift from Trog
 57840 | Vaults:2 | Identified the amulet of the Bright God {Acrobat Rampage
                  | Dex-3 Slay+6}
 57871 | Vaults:2 | Identified the ring "Kuniplo" {Fly rPois rC- SInv}
 58167 | Vaults:3 | Noticed Bai Suzhen
 58180 | Vaults:3 | Killed Bai Suzhen
 58949 | Vaults:3 | Reached XP level 21. HP: 213/213 MP: 20/20
 59227 | Vaults:3 | Received a gift from Trog
 59840 | Vaults:3 | Noticed Zenata
 59851 | Vaults:3 | Killed Zenata
 60091 | Vaults:4 | Found a flickering gateway to a bazaar.
 60110 | Bazaar   | Entered a bazaar
 60431 | Bazaar   | Found Cixew's Antique Armour Shoppe.
 60452 | Bazaar   | Found Viepp's Armour Shop.
 60498 | Bazaar   | Found Xeusokkifo's Assorted Antiques.
 60505 | Bazaar   | Bought a potion of curing for 126 gold pieces
 60512 | Bazaar   | Found Upnozih's Book Emporium.
 60540 | Bazaar   | Bought a shiny crystal plate armour for 2075 gold pieces
 60576 | Vaults:4 | Received a gift from Trog
 61259 | Vaults:4 | Noticed Boris
 61265 | Vaults:4 | Killed Boris
 62443 | D:15     | Found a staircase to the Depths.
 62459 | Depths:1 | Entered Level 1 of the Depths
 62473 | Depths:1 | Noticed Boris
 62784 | Depths:1 | Killed Boris
 62835 | Depths:1 | Found a one-way gate to the infinite horrors of the Abyss.
 63006 | Depths:1 | Reached XP level 22. HP: 204/222 MP: 21/21
 63051 | Depths:1 | Identified the +4 scale mail of Ken Fagu {rF+ Str+2}
 63210 | Depths:1 | Received a gift from Trog
 63225 | Depths:1 | Noticed the Enchantress
 63233 | Depths:1 | Killed the Enchantress
 63241 | Depths:1 | Found a hide-covered altar of Uskayaw.
 63745 | Depths:1 | Found a gateway to Hell.
 64430 | Depths:2 | Paralysed by a floating eye for 2 turns
 64440 | Depths:2 | Received a gift from Trog
 64454 | Depths:2 | Identified the +4 plate armour of Asceticism {rElec rCorr
                  | Str-2 Stlth+}
 64639 | Depths:2 | Gained mutation: Your magical capacity is low. (-10% MP) [a
                  | cacodemon]
 64642 | Depths:2 | Gained mutation: You sometimes lose your temper in combat.
                  | [a cacodemon]
 65655 | Depths:1 | Lost mutation: Your magical capacity is low. (-10% MP)
                  | [potion of mutation]
 65655 | Depths:1 | Lost mutation: You sometimes lose your temper in combat.
                  | [potion of mutation]
 65655 | Depths:1 | Gained mutation: Your movements are slightly less
                  | encumbered by armour. (ER -2) [potion of mutation]
 65655 | Depths:1 | Gained mutation: Your mind is acute. (Int +4, Str/Dex -1)
                  | [potion of mutation]
 65811 | Depths:2 | Found a one-way gate leading to the halls of Pandemonium.
 65833 | Depths:2 | Found a huge runed gate.
 65833 | Depths:2 | Found a huge runed gate.
 65833 | Depths:2 | Found a huge runed gate.
 65833 | Depths:2 | Found a huge runed gate.
 65833 | Depths:2 | Found a huge runed gate.
 65834 | Depths:2 | Found a huge runed gate.
 65835 | Depths:2 | Found a huge runed gate.
 65835 | Depths:2 | Found a huge runed gate.
 65835 | Depths:2 | Found a huge runed gate.
 65835 | Depths:2 | Found a huge runed gate.
 65841 | Depths:2 | Found a huge runed gate.
 65841 | Depths:2 | Found a huge runed gate.
 65841 | Depths:2 | Found a huge runed gate.
 65841 | Depths:2 | Found a huge runed gate.
 65841 | Depths:2 | Found a huge runed gate.
 65841 | Depths:2 | Found a huge runed gate.
 65842 | Depths:2 | Found a huge runed gate.
 65843 | Depths:2 | Found a huge runed gate.
 65844 | Depths:2 | Found a huge runed gate.
 65853 | Depths:2 | Found a huge runed gate.
 65853 | Depths:2 | Found a huge runed gate.
 65853 | Depths:2 | Found a huge runed gate.
 65853 | Depths:2 | Found a huge runed gate.
 65853 | Depths:2 | Found a huge runed gate.
 65853 | Depths:2 | Found a huge runed gate.
 65854 | Depths:2 | Found a huge runed gate.
 65855 | Depths:2 | Found a huge runed gate.
 65856 | Depths:2 | Found a huge runed gate.
 65864 | Depths:2 | Found a huge runed gate.
 65864 | Depths:2 | Found a huge runed gate.
 65864 | Depths:2 | Found a huge runed gate.
 65864 | Depths:2 | Found a huge runed gate.
 65864 | Depths:2 | Found a huge runed gate.
 65864 | Depths:2 | Found a huge runed gate.
 65865 | Depths:2 | Found a huge runed gate.
 65866 | Depths:2 | Found a huge runed gate.
 65942 | Depths:2 | Received a gift from Trog
 66135 | Depths:2 | Noticed Vv
 66155 | Depths:2 | Killed Vv
 66420 | Depths:2 | Found a one-way gateway to a ziggurat.
 66925 | Depths:2 | Identified the ring "Ydghogiti" {Ice Dex+2 Stlth+}
 66928 | Depths:2 | Reached skill level 27 in Axes
 67074 | Zig:1    | Entered Level 1 of a ziggurat
 67096 | Zig:2    | Entered Level 2 of a ziggurat
 67100 | Zig:2    | Found the +5 scythe "Finisher" {speed, eviscerate}
 67186 | Zig:3    | Entered Level 3 of a ziggurat
 67189 | Zig:3    | Noticed Vocvits the pandemonium lord
 67197 | Zig:3    | Killed Vocvits the pandemonium lord
 67292 | Zig:4    | Entered Level 4 of a ziggurat
 67303 | Zig:4    | Identified the +8 battleaxe "Puoh" {heavy, rF+}
 67334 | Zig:5    | Entered Level 5 of a ziggurat
 67338 | Zig:5    | Identified the +0 buckler "Ycedaf" {Rampage Dex+2}
 67351 | Zig:5    | Reached XP level 23. HP: 178/234 MP: 22/22
 67405 | Zig:5    | Identified the +8 crystal plate armour of the Tired Knives
                  | {Int+6}
 67542 | Zig:6    | Entered Level 6 of a ziggurat
 67724 | Zig:7    | Entered Level 7 of a ziggurat
 67729 | Zig:7    | Noticed a royal mummy
 67733 | Zig:7    | Received a gift from Trog
 67746 | Zig:7    | Killed a royal mummy
 68111 | Zig:8    | Entered Level 8 of a ziggurat
 68255 | Zig:8    | Acquired 1105 gold pieces
 68260 | Zig:8    | Identified the amulet of Uceav {Rampage rF+ Regen+ Str-2}
 68268 | Zig:8    | Identified the +9 broad axe of Kejil {freeze, Will- rCorr
                  | Dex-3 Stlth+}
 68274 | Zig:8    | Acquired the ring "Xyfeq" {Drain rPois rN++ Str+6 Dex+2}
 68275 | Zig:8    | Acquired the ring of Creativity {Will++ rCorr Str-2 Slay+4
                  | Stlth+}
 68276 | Zig:8    | Acquired the +2 pair of boots of the Apricot {*Slow rElec
                  | Str+5}
 68430 | Zig:9    | Entered Level 9 of a ziggurat
 68438 | Zig:9    | Found the necklace of Bloodlust {Fury *Rage Will++ Int-3
                  | Slay+6}
 68442 | Zig:9    | Paralysed by a floating eye for 4 turns
 68465 | Zig:9    | Identified the +5 robe of Vyrghyf {rPois}
 68544 | Zig:10   | Entered Level 10 of a ziggurat
 68551 | Zig:10   | Found the +7 great mace "Firestarter" {flame, inner flame,
                  | rFlCloud rF++}
 68687 | Zig:10   | Identified the +4 pair of gloves "Agomoehu" {rC- Dex+3}
 68712 | Zig:11   | Entered Level 11 of a ziggurat
 68720 | Zig:11   | Noticed a dread lich
 68733 | Zig:11   | Killed a dread lich
 68791 | Zig:11   | Identified the +1 pair of gloves "Lemudgh" {Dex+2}
 68797 | Zig:11   | Reached skill level 27 in Fighting
 68797 | Zig:11   | Reached XP level 24. HP: 193/249 MP: 22/22
 68838 | Zig:12   | Entered Level 12 of a ziggurat
 68868 | Zig:12   | Received a gift from Trog
 68892 | Zig:12   | Identified the +0 pair of boots of Integrity {+Inv Str-5
                  | Slay+5 SInv}
 68910 | Zig:13   | Entered Level 13 of a ziggurat
 68919 | Zig:13   | Found the ring of the Octopus King
 69050 | Zig:13   | Identified the +10 plate armour "Ubasob" {+Inv Regen+}
 69057 | Zig:13   | Identified the +2 ring mail of Zybru {rPois rN+ Will++
                  | Slay-3}
 69058 | Zig:13   | Identified a ring of the Octopus King {rN+ HP+2 AC+2 EV+2
                  | SH+2}
 69070 | Zig:13   | Identified the +4 ring mail "Kiafum" {rPois rF- Str+3
                  | Dex+3}
 69078 | Zig:14   | Entered Level 14 of a ziggurat
 69104 | Zig:14   | Received a gift from Trog
 69114 | Zig:15   | Entered Level 15 of a ziggurat
 69153 | Zig:15   | Identified the +4 flail of Foih {heavy, rPois Dex+7}
 69168 | Zig:15   | Identified the +10 morningstar "Naoff" {drain, Stlth+}
 69274 | Zig:16   | Entered Level 16 of a ziggurat
 69289 | Zig:16   | Paralysed by accursed screaming for 2 turns
 69292 | Zig:16   | Reached XP level 25. HP: 134/257 MP: 22/22
 69292 | Zig:16   | Paralysed by accursed screaming for 2 turns
 69295 | Zig:16   | HP: 2/205 [will-o-the-wisp/foxfire (10)]
 69295 | Zig:16   | Killed from afar by a balrug

Illustrated notes

Levels and vault maps discovered:
D:1:      tarquinn_simple_flora_water_b, layout_loops_corners,
          shapermc_ecumenical_altar_starsandcircs, minmay_liquid_box
D:2:      layout_rooms, basic_altar, uniq_sigmund
D:3:      layout_basic, demons_altar, grunt_qazlal_clouds, trog_wizard,
          minmay_unequal
D:4:      kennysheep_kobold_camp, layout_basic, nicolae_tso_carved_into_rock,
          uniq_natasha
D:5:      layout_basic, serial_shops, nicolae_shop_stone,
          kennysheep_generic_room_10
D:6:      layout_layer_cave, mainiacjoe_overflow_catwalk_spiral,
          lightli_ossuary_entry_decrepit_ruins, serial_bayou,
          serial_bayou_shore_a, serial_bayou_crossing, serial_bayou_ford_a,
          serial_bayou_pond_a, serial_bayou_pond_d, serial_bayou_pond_e,
          minmay_tree_intersection, hangedman_abyss_or_decor_stagger,
          chequers_serial_rivers_small_3
D:7:      layout_loops_ring, lemuel_coloured_pillars_altar,
          minmay_temple_entry_steel_oval, hangedman_decor_riveting,
          grunt_decor_fettered
D:8:      layout_loops_ring, eino_small_chamber_without_monster
D:9:      minmay_thinvault, layout_basic, dpeg_oklobed_lair
D:10:     layout_cave_pools
D:11:     layout_rooms
D:12:     layout_gridville, zombieorc2_lemuel, serial_rivers,
          chequers_serial_rivers_small_a, chequers_serial_rivers_large_b,
          chequers_serial_rivers_micro_a, chequers_serial_rivers_micro_d,
          chequers_serial_rivers_marsh, uniq_rupert, uniq_fannar
D:13:     layout_long_grid, david_vaults_2, gammafunk_ghost_spectres,
          portal_ice_cave_entry_pillars_1
D:14:     layout_rooms, kennysheep_cross_room, serial_shops, shop, serial_ice,
          serial_ice_c, serial_ice_j, serial_ice_a, serial_ice_n, serial_ice_f,
          eino_small_chamber_without_monster
D:15:     gammafunk_enter_depths_forms, layout_loops_corners,
          gauntlet_entry_generic, serial_shops, bzr_entry_islet
Lair:1:   layout_long_grid, uniq_nergalle
Lair:2:   layout_roguey, elwin_shoals_entry_rocks, spider_nest_entry_rubble,
          basic_altar, infiniplex_staircase_pool_2, uniq_prince_ribbit2
Lair:3:   layout_chaotic_city, uniq_amaemon
Lair:4:   layout_regular_city, grunt_megastairs_1
Lair:5:   minmay_lair_end_frog_pond, layout_hall_layers, slime_entry_1,
          minmay_hedge_maze, lemuel_centaur_altar
Shoals:1: layout_shoals, nicolae_shoals_beach_house_on_fowls_legs
Shoals:2: layout_shoals, uniq_mlioglotl
Shoals:3: layout_shoals
Shoals:4: shoals_end_hellmonk_lost_city
Spider:1: layout_spider_delve, uniq_jorgrun, uniq_louise
Spider:2: layout_cave_pods, drop_trap, uniq_arachne
Spider:3: layout_spider_delve, uniq_nikola, uniq_azrael, uniq_agnes
Spider:4: floodkiller_spider_rune_tomb, drop_trap, guppyfry_spider_mini_3
Orc:1:    layout_caves
Orc:2:    st_orc_open, layout_caves, serial_shops, shop, shop_scrolls,
          hangedman_feature_mirror
Elf:1:    eino_elf_arrival_the_gate, layout_loops_corners,
          portal_desolation_entry_ruin, minivault_28
Elf:2:    nicolae_elf_blades_crystal_corner, layout_gridlike, serial_shops,
          nicolae_shop_crystal, uniq_aizul
Elf:3:    elf_hall, layout_geoelf_octagon, grunt_megastairs_2, uniq_saint_roka
Vaults:1: nicolae_vaults_big_angled_halls, ontoclasm_vaults_chip,
          nicolae_vaults_puzzle_piece, nicolae_vaults_little_squares_5,
          nicolae_vaults_border_crossing, nicolae_vaults_minivaults, v_misc_11,
          nicolae_vaults_arrows, hangedman_vaults_maws,
          nicolae_vaults_shelves_hall, ontoclasm_vaults_bender,
          vaults_mumra_chevron, layout_vaults_maze, uniq_asterion
Vaults:2: vaults_standard_mumra_x, gammafunk_its_a_trap, v_pattern_4,
          minmay_crypt_entry_necro_gods, nicolae_vaults_little_squares_3,
          grunt_vaults_hallway_short, vaults_room_door_ring,
          layout_vaults_chaotic_city
Vaults:3: v_misc_24, v_misc_10, nicolae_vaults_good_morning_starshine,
          nicolae_vaults_little_squares_2, hangedman_vaults_unwind,
          grunt_vaults_funnel, v_alt_pattern_1, nicolae_vaults_little_squares_1,
          ontoclasm_vaults_eye, v_misc_15, vaults_dpeg_hooks,
          dpeg_vaults_monster_box, vaults_dpeg_encased_lava,
          layout_vaults_omnibox, uniq_bai_suzhen, uniq_zenata
Vaults:4: nicolae_vaults_network_s, nicolae_vaults_little_squares_3,
          nicolae_vaults_ring_of_whatevers, vaults_mumra_hex,
          nicolae_vaults_hallways_thing, st_eye, grunt_vaults_hallway_short,
          vaults_room_hallway, vaults_room_pool, layout_vaults_quadrants,
          serial_shops, bzr_entry_water, uniq_boris
Depths:1: nooodl_heptagram, layout_cave_pools, abyss_entry,
          pf_vacation_house_of_asmodeus, eat_drink_and_be_merry_uskayaw,
          uniq_enchantress
Depths:2: minmay_ambush_box, layout_gridlike, enter_ziggurat_a, hell_entry,
          grunt_pan_entry_zigzag, serial_glass, glass_columns_c,
          glass_columns_b, glass_columns_a, glass_columns_b, glass_columns_a,
          glass_columns_c, glass_columns_a, glass_columns_b, abyss_entry,
          door_vault, infiniplex_staircase_spiral, uniq_vv
Zig:16

Skill      XL: |  1  2  3  4  5  6  7  8  9 10 11 12 13 14 15 16 17 18 19 20 21 22 23 24 |
---------------+-------------------------------------------------------------------------+-----
Axes           | 4 6 7 8 9 11 13 15 16 18 20 24 27 | 27.0
Fighting       | 4 5 6 8 9 11 13 14 17 19 20 23 24 25 27 | 27.0
Armour         | 4 6 7 9 10 12 13 15 16 18 20 21 | 21.4
Evocations     | 6 8 14 15 | 15.6
Dodging        | 6 9 12 17 20 21 | 21.1

Action                     |  1- 3 |  4- 6 |  7- 9 | 10-12 | 13-15 | 16-18 | 19-21 | 22-24 | 25-27 || total
---------------------------+-------+-------+-------+-------+-------+-------+-------+-------+-------++-------
  Melee: Hand axe          |    66 |    33 |       |       |       |       |       |       |       ||    99
         Headbutt          |     5 |    20 |    51 |    77 |   192 |   286 |   308 |    90 |     1 ||  1030
         War axe           |       |    44 |   315 |     2 |       |       |       |       |       ||   361
         Punch             |       |     1 |     6 |       |       |       |       |       |       ||     7
         Battleaxe         |       |       |       |   379 |   817 |  1076 |   719 |       |       ||  2991
         Dire flail        |       |       |       |     3 |     6 |       |       |       |       ||     9
         Executioner's axe |       |       |       |       |       |       |   223 |   363 |     1 ||   587
  Throw: Dart              |    17 |    30 |    46 |    53 |   120 |    53 |     5 |       |       ||   324
         Stone             |       |     4 |       |       |       |       |       |       |       ||     4
 Invoke: Berserk           |     3 |       |     5 |     3 |    13 |     5 |       |     3 |       ||    32
         Trog's Hand       |       |       |       |     5 |    12 |    26 |    17 |     7 |       ||    67
         Brothers in Arms  |       |       |       |       |     2 |       |     1 |     1 |       ||     4
  Evoke: Wand              |       |       |    11 |     2 |    20 |    63 |     1 |     1 |       ||    98
         Tin of tremorston |       |       |       |       |     3 |     8 |     7 |     9 |       ||    27
         Lightning rod     |       |       |       |       |     2 |     9 |     5 |     4 |       ||    20
         Condenser vane    |       |       |       |       |       |     1 |     5 |     7 |       ||    13
         Box of beasts     |       |       |       |       |       |       |     2 |       |       ||     2
    Use: Scroll            |     3 |     6 |     9 |     7 |    11 |    17 |    17 |    15 |     1 ||    86
         Potion            |       |       |       |       |     5 |     6 |     8 |    10 |       ||    29
   Stab: Paralysed         |       |       |       |     2 |     6 |       |       |       |       ||     8
         Distracted        |       |       |       |       |     1 |     1 |     1 |     1 |       ||     4
 Armour: Animal skin       |     2 |       |       |       |       |       |       |       |       ||     2
         Scale mail        |     8 |    21 |     9 |       |       |       |       |       |       ||    38
         Chain mail        |       |       |   175 |   229 |   663 |   765 |       |       |       ||  1832
         Skin              |       |       |       |       |       |     3 |       |       |       ||     3
         Crystal plate arm |       |       |       |       |       |    27 |   787 |   692 |    14 ||  1520
  Dodge: Dodged            |    40 |    32 |   138 |   198 |   542 |  1015 |   570 |   397 |     6 ||  2938

Table legend: (Time is in decaauts)
 A = Elapsed time spent in this place.
 B = Non-inter-level travel time spent in this place.
 C = Inter-level travel time spent in this place.
 D = Time resting spent in this place.
 E = Time spent auto-exploring this place.
 F = Levels seen in this place.
 G = Mean time per level.
                   A        B        C        D        E       F      G
               +--------+--------+--------+--------+--------+-----+--------+
         Total |  69148 |  66217 |   2931 |  19103 |  35521 |  60 | 1152.5 |
       Dungeon |  16623 |  15645 |    978 |   2653 |  10487 |  15 | 1108.2 |
          Lair |   8977 |   8460 |    517 |   2644 |   4695 |   5 | 1795.4 |
        Shoals |   8359 |   8113 |    246 |   3496 |   3371 |   4 | 2089.8 |
   Spider Nest |   8134 |   7856 |    278 |   3309 |   3162 |   4 | 2033.5 |
  Orcish Mines |   2899 |   2794 |    105 |   1282 |   1010 |   2 | 1449.5 |
   Elven Halls |   5886 |   5607 |    279 |   1863 |   2683 |   3 | 1962.0 |
        Vaults |   8656 |   8197 |    459 |    441 |   6394 |   4 | 2164.0 |
        Depths |   4287 |   4220 |     67 |   1111 |   2446 |   2 | 2143.5 |
      Ziggurat |   2241 |   2241 |      0 |   1461 |      0 |  16 |  140.1 |
        Bazaar |    499 |    499 |      0 |      0 |    447 |   2 |  249.5 |
       Ossuary |    322 |    322 |      0 |      0 |    154 |   1 |  322.0 |
    Desolation |   1396 |   1396 |      0 |    562 |    290 |   1 | 1396.0 |
      Gauntlet |    865 |    865 |      0 |    279 |    380 |   1 |  865.0 |
               +--------+--------+--------+--------+--------+-----+--------+

Top non-repeatable levels by time:
Shoals:3: 3483 daAuts
   Elf:3: 2741 daAuts
Depths:1: 2645 daAuts
Vaults:2: 2411 daAuts
Vaults:1: 2402 daAuts
   Orc:2: 2370 daAuts
  Lair:2: 2319 daAuts
Spider:2: 2308 daAuts
  Lair:4: 2133 daAuts
Vaults:3: 2060 daAuts
Spider:3: 2023 daAuts
Spider:4: 2022 daAuts
     D:6: 1967 daAuts
Shoals:4: 1810 daAuts
    D:15: 1796 daAuts
